 Dungeon Sprint DCSS version 0.27-a0-1273-gec92ba881d (webtiles) character file.

Game seed: 2155441740993937801

32237 mhtbhm the Slayer (level 13, -2/145 HPs)
             Began as a Minotaur Berserker on June 11, 2021.
             Was the Champion of Trog.
             Succumbed to a green draconian's poison
             ... in the Dungeon (Sprint VII: "The Pits").
             The game lasted 00:06:59 (4415 turns).

mhtbhm the Slayer (Minotaur Berserker)              Turns: 4415, Time: 00:07:00

Health: -2/145     AC: 19    Str: 34    XL:     13   Next: 30%
Magic:  12/12      EV: 14    Int:  8    God:    Trog [******]
Gold:   75         SH:  0    Dex: 12    Spells: 12/12 levels left

rFire    . . .     SeeInvis .   a - +2 war axe (vamp)
rCold    + . .     Faith    .   (no shield)
rNeg     . . .     Spirit   .   b - +4 chain mail
rPois    .         Reflect  .   (helmet restricted)
rElec    .         Harm     .   (no cloak)
rCorr    .         Rampage  .   (no gloves)
Will     .....     NoTele   +   (no boots)
Stlth    ..........             q - amulet of the acrobat
HPRegen  0.34/turn              k - +3 ring of strength
MPRegen  0.13/turn              u - ring "Utwofun" {rC+ Str+6 Int+4}

@: lethally poisoned (-2 -> -34), on berserk cooldown, slowed, very slow
A: horns 2, retaliatory headbutt
a: Renounce Religion, Berserk, Trog's Hand, Brothers in Arms


You were in the Dungeon.
You worshipped Trog.
Trog was exalted by your worship.
You visited 1 branch You collected 75 gold pieces.

Inventory:

Hand Weapons
 a - a +2 vampiric war axe (weapon)
 h - a +2 executioner's axe of flaming
 t - the +11 battleaxe "Vionn" {antimagic, rPois rC- rN+}
   (Trog gifted it to you in the Dungeon)

   It reduces the magical energy of the wielder, and disrupts the spells and
   magical abilities of those hit.
   Natural abilities and divine invocations are not affected.
   It makes you vulnerable to cold.
   It protects you from poison.
   It protects you from negative energy.
Missiles
 v - a throwing net
Armour
 b - a +4 chain mail (worn)
Jewellery
 k - a +3 ring of strength (left hand)
 p - a +4 ring of evasion
 q - an amulet of the acrobat (around neck)
 u - the ring "Utwofun" (right hand) {rC+ Str+6 Int+4}
   (You found it in the Dungeon)

   [ring of strength]

   It affects your strength (+6).
   It affects your intelligence (+4).
   It protects you from cold.
Scrolls
 j - a scroll of summoning
 o - 8 scrolls of enchant weapon
 s - 2 scrolls of fog
Potions
 c - 5 potions of curing
 d - 5 potions of heal wounds
 e - a potion of haste
 f - 4 potions of magic
 g - 5 potions of berserk rage
 i - 2 potions of invisibility
 l - 2 potions of might
 n - 3 potions of mutation


   Skills:
 + Level 22.2 Fighting
 + Level 22.1 Axes
 + Level 20.8 Armour
 + Level 12.0 Dodging
 + Level 3.1 Stealth


You had 12 spell levels left.
You didn't know any spells.
Your spell library was empty.

Dungeon Overview and Level Annotations

Branches:
Dungeon (1/1)

Altars:
Ashenzari
Cheibriados
Dithmenos
Elyvilon
Fedhas
Gozag
Hepliaklqana
Kikubaaqudgha
Makhleb
Nemelex Xobeh
Okawaru
Qazlal
Ru
Sif Muna
Trog
Uskayaw
Vehumet
Wu Jian
Xom
Yredelemnul
Zin
The Shining One
Beogh
Jiyva
Lugonu

Annotations:
D Serpent of Hell


Innate Abilities, Weirdness & Mutations

You have a pair of horns on your head.
You reflexively headbutt those who attack you in melee.


Message History

Unknown command.
You feel much better.
* * * LOW HITPOINT WARNING * * *
You feel extremely sick. The green draconian closely misses you.
You furiously retaliate!
You headbutt the green draconian.
The green draconian tail-slaps you but does no damage.
The hellephant breathes flames at you. The blast of flame hits your cyclops!!!
You feel much better.
* * * LOW HITPOINT WARNING * * *
You feel extremely sick. The green draconian closely misses you.
You furiously retaliate!
You headbutt the green draconian, but do no damage.
The green draconian tail-slaps you.
* * * LOW HITPOINT WARNING * * *
You are more poisoned.
The green draconian poisons you!
The blizzard demon waves its arms in wide circles.
The air twists around and strikes you. The green draconian misses you.
The green draconian completely misses you.
Unknown command.
You feel much better.
* * * LOW HITPOINT WARNING * * *
You feel extremely sick.
Your cyclops hits the hellephant!! The green draconian barely misses you.
The green draconian tail-slaps you but does no damage.
The hellephant tramples your cyclops!
Your cyclops holds its ground!
Your cyclops dies!
Your cyclops's corpse disappears in a puff of smoke!
Blink to where?
Press: ? - help, Dir - move target
As you read the scroll of blinking, it crumbles to dust.
* * * LOW HITPOINT WARNING * * *
You feel extremely sick.
Unknown command.
Blink to where?
Press: ? - help, Dir - move target
As you read the scroll of blinking, it crumbles to dust.
You die...

#.# #ยง# #.# #'#
#.# #'#
#################'#
..................#
................@.#
++##############).#
#..# #..# #..# #..#
#..# #..# #..#


There were no monsters in sight!

Vanquished Creatures
  2 royal mummies (D)
  A Hell Sentinel (D)
  A shadow dragon (D)
  A fire giant (D)
  A merfolk impaler (D)
  A rakshasa (D)
  A spriggan air mage (D)
  A hydra (D)
  2 alligators (D)
  An anaconda (D)
  An orc high priest (D)
  2 shadow wraiths (D)
  2 bog bodies (D)
  A flayed ghost (D)
  2 wizards (D)
  A wolf spider (D)
  A deep elf zephyrmancer (D)
  An orc sorcerer (D)
  An elephant (D)
  A cane toad (D)
  A gargoyle (D)
  An unseen horror (D)
  A kobold demonologist (D)
  A rime drake (shapeshifter) (D)
  A yaktaur (D)
  A red devil (D)
  An efreet (D)
  An ice devil (D)
  2 merfolk (D)
  A wind drake (D)
  2 slime creatures (D)
  2 tyrant leeches (D)
  A shadow (D)
  A water elemental (D)
  2 spriggans (D)
  A yak (D)
  A golden eye (D)
  Edmund (D)
  2 sky beasts (D)
  A floating eye (D)
  An ice beast (D)
  3 orc warriors (D)
  2 ogres (D)
  A centaur (D)
  A wolf (D)
  8 wights (D)
  A crimson imp (D)
  A hound (D)
  2 orc priests (D)
  5 orc wizards (D)
  A gnoll (D)
  A river rat (D)
  A white imp (D)
  An adder zombie (D)
  An adder skeleton (D)
  5 orcs (D)
  A bat (D)
  2 bat skeletons (D)
  An endoplasm (D)
  A giant cockroach (D)
  A goblin (D)
  A hobgoblin (D)
  A ball python (D)
  A frilled lizard (D)
  A quokka zombie (D)
95 creatures vanquished.

Vanquished Creatures (collateral kills)
  A boulder beetle (D)
  A flayed ghost (D)
  An orc knight (D)
  2 merfolk (D)
  A slime creature (D)
  A large abomination (D)
  A ynoxinul (D)
  A swamp drake (D)
  An orc warrior (D)
  A gnoll sergeant (D)
  A small abomination (D)
  2 gnolls (D)
  A giant cockroach (D)
15 creatures vanquished.

Grand Total: 110 creatures vanquished

Notes
Turn   | Place    | Note
-------+----------+-------------------------------------------
     0 | D        | mhtbhm the Minotaur Berserker began the quest for the Orb.
     0 | D        | Reached XP level 1. HP: 19/19 MP: 0/0
    11 | D        | Noticed a floating eye
    15 | D        | Killed a floating eye
    16 | D        | Reached XP level 2. HP: 34/34 MP: 1/1
    16 | D        | Reached XP level 3. HP: 39/39 MP: 2/2
    16 | D        | Reached XP level 4. HP: 47/47 MP: 3/3
    20 | D        | Found a bloodstained altar of Trog.
    20 | D        | Found a shimmering blue altar of Sif Muna.
    20 | D        | Found a viscous altar of Jiyva.
    20 | D        | Found a hazy altar of Hepliaklqana.
    20 | D        | Found an opulent altar of Gozag.
    21 | D        | Found a glowing golden altar of the Shining One.
    21 | D        | Found a glowing silver altar of Zin.
    21 | D        | Found a basalt altar of Yredelemnul.
    21 | D        | Found a shimmering altar of Xom.
    21 | D        | Found an ornate altar of the Wu Jian Council.
    21 | D        | Found a sacrificial altar of Ru.
    21 | D        | Found a stormy altar of Qazlal.
    21 | D        | Found an iron altar of Okawaru.
    21 | D        | Found a sparkling altar of Nemelex Xobeh.
    21 | D        | Found a burning altar of Makhleb.
    21 | D        | Found a blossoming altar of Fedhas.
    21 | D        | Found a white marble altar of Elyvilon.
    21 | D        | Found a shadowy altar of Dithmenos.
    21 | D        | Found a snail-covered altar of Cheibriados.
    23 | D        | Found a radiant altar of Vehumet.
    23 | D        | Found a corrupted altar of Lugonu.
    24 | D        | Found a hide-covered altar of Uskayaw.
    24 | D        | Found an ancient bone altar of Kikubaaqudgha.
    24 | D        | Found a broken altar of Ashenzari.
    65 | D        | Reached ** piety under Trog
   116 | D        | Noticed an ice beast
   117 | D        | Reached *** piety under Trog
   122 | D        | Killed an ice beast
   123 | D        | Reached skill level 5 in Armour
   123 | D        | Reached XP level 5. HP: 51/57 MP: 4/4
   300 | D        | Noticed an ogre
   304 | D        | Reached **** piety under Trog
   307 | D        | Reached skill level 10 in Axes
   308 | D        | Killed an ogre
   308 | D        | Reached ***** piety under Trog
   309 | D        | Reached skill level 10 in Fighting
   309 | D        | Reached skill level 5 in Dodging
   309 | D        | Reached XP level 6. HP: 52/67 MP: 5/5
   545 | D        | Reached XP level 7. HP: 63/74 MP: 6/6
   596 | D        | Noticed a yak
   602 | D        | Killed a yak
   602 | D        | Received a gift from Trog
   833 | D        | Noticed a tyrant leech
   833 | D        | Noticed a spriggan
   840 | D        | Killed a spriggan
   847 | D        | Killed a tyrant leech
   848 | D        | Reached skill level 1 in Stealth
   848 | D        | Reached XP level 8. HP: 85/85 MP: 7/7
  1022 | D        | Reached ****** piety under Trog
  1035 | D        | Killed a shadow wraith
  1036 | D        | Reached skill level 10 in Armour
  1281 | D        | Noticed a five-headed hydra
  1292 | D        | Noticed an orc knight
  1296 | D        | Killed a 15-headed hydra
  1297 | D        | Reached skill level 15 in Axes
  1297 | D        | Reached XP level 9. HP: 72/94 MP: 8/8
  1303 | D        | Killed an orc knight
  1303 | D        | Received a gift from Trog
  1315 | D        | Identified the +12 short sword of the Shrike {vorpal, rElec
                  | rF- rCorr Dex+7} (Trog gifted it to you in the Dungeon)
  1315 | D        | Received a gift from Trog
  1640 | D        | Noticed a red devil
  1640 | D        | Noticed a gargoyle
  1649 | D        | Killed a gargoyle
  1651 | D        | Killed a red devil
  1948 | D        | Reached XP level 10. HP: 104/104 MP: 9/9
  1950 | D        | Noticed a bog body
  1955 | D        | Killed a bog body
  2042 | D        | Noticed an orc high priest
  2048 | D        | Received a gift from Trog
  2050 | D        | Killed an orc high priest
  2050 | D        | Noticed an elephant
  2051 | D        | Reached skill level 15 in Fighting
  2051 | D        | Reached skill level 15 in Armour
  2056 | D        | Received a gift from Trog
  2057 | D        | Killed an elephant
  2062 | D        | Killed a shadow wraith
  2197 | D        | Noticed a bog body
  2198 | D        | Noticed a wizard
  2202 | D        | Killed a bog body
  2205 | D        | Killed a wizard
  2205 | D        | Received a gift from Trog
  2206 | D        | Reached XP level 11. HP: 104/114 MP: 10/10
  2388 | D        | Noticed Edmund
  2388 | D        | Noticed an alligator
  2388 | D        | Noticed an alligator
  2394 | D        | Noticed a flayed ghost
  2403 | D        | Killed an alligator
  2407 | D        | Killed Edmund
  2408 | D        | Reached skill level 10 in Dodging
  2408 | D        | Noticed a boulder beetle
  2411 | D        | Received a gift from Trog
  2414 | D        | Killed an alligator
  2431 | D        | Killed a boulder beetle
  2432 | D        | Killed a flayed ghost
  2432 | D        | Received a gift from Trog
  2866 | D        | Noticed a rakshasa
  2868 | D        | Noticed a soul eater
  2875 | D        | Received a gift from Trog
  2879 | D        | Killed a rakshasa
  3051 | D        | Noticed an orc sorcerer
  3059 | D        | Killed an orc sorcerer
  3059 | D        | Received a gift from Trog
  3099 | D        | Noticed a wolf spider
  3101 | D        | Noticed a flayed ghost
  3106 | D        | Killed a wolf spider
  3110 | D        | Killed a flayed ghost
  3125 | D        | Noticed a deep elf zephyrmancer
  3125 | D        | Noticed an anaconda
  3134 | D        | Killed a deep elf zephyrmancer
  3136 | D        | Killed an anaconda
  3294 | D        | Reached XP level 12. HP: 128/128 MP: 11/11
  3329 | D        | Noticed a Hell Sentinel
  3342 | D        | Killed a Hell Sentinel
  3518 | D        | Noticed a spriggan air mage
  3536 | D        | Killed a spriggan air mage
  3536 | D        | Identified the +11 battleaxe "Vionn" {antimagic, rPois rC-
                  | rN+} (Trog gifted it to you in the Dungeon)
  3536 | D        | Received a gift from Trog
  3626 | D        | Noticed a royal mummy
  3637 | D        | Killed a royal mummy
  3841 | D        | Noticed a merfolk impaler
  3841 | D        | Noticed a fire giant
  3841 | D        | Noticed a shadow dragon
  3842 | D        | Identified the +8 scythe "Ofra" {distort, rPois}
  3853 | D        | Killed a shadow dragon
  3863 | D        | Killed a merfolk impaler
  3863 | D        | Killed a fire giant
  3863 | D        | Received a gift from Trog
  3874 | D        | Reached XP level 13. HP: 53/143 MP: 12/12
  4023 | D        | Got the ring "Utwofun" {rC+ Str+6 Int+4}
  4379 | D        | Noticed a hellephant
  4379 | D        | Noticed the Serpent of Hell
  4379 | D        | Noticed an apis
  4379 | D        | Noticed a blizzard demon
  4379 | D        | Noticed a green draconian
  4379 | D        | Noticed a royal mummy
  4390 | D        | Noticed an iron dragon
  4392 | D        | Killed a royal mummy
  4393 | D        | Noticed a storm dragon
  4396 | D        | Noticed an iron dragon
  4397 | D        | Received a gift from Trog
  4401 | D        | Noticed a golden dragon
  4410 | D        | HP: 3/145 [green draconian/+0 war axe (11)]
  4411 | D        | Noticed a golden dragon
  4415 | D        | Succumbed to a green draconian's poison

Illustrated notes

Levels and vault maps discovered:
D:        pitsprint [storerooms_1, entrance_room_1, metal_vault_5, armoury_2,
          mini_pit_1, grid_room_1, main_hall_1, silver_pit, the_coven_2,
          the_vestibule_1, steel_vault_1, golden_pit, hallway_of_sentries,
          crystal_vault_1, iron_vault_2, final_vault]

Skill      XL: |  1  2  3  4  5  6  7  8  9 10 11 12 13 |
---------------+----------------------------------------+-----
Fighting       | 7 9 10 11 12 13 14 16 18 21 22 | 22.2
Axes           | 7 9 11 12 13 15 16 17 19 21 22 | 22.1
Armour         | 4 5 6 8 12 13 16 18 20 | 20.8
Dodging        | 3 4 5 6 8 9 10 11 12 | 12.0
Stealth        | 1 2 3 |  3.1

Action                   |  1- 3 |  4- 6 |  7- 9 | 10-12 | 13-15 || total
-------------------------+-------+-------+-------+-------+-------++-------
Melee: Hand axe          |     3 |    33 |    45 |       |       ||    81
       Headbutt          |       |     5 |    20 |    57 |    14 ||    96
       War axe           |       |       |    50 |   173 |    31 ||   254
Invok: Berserk           |       |     2 |     3 |    10 |     2 ||    17
       Brothers in Arms  |       |       |     1 |     3 |     1 ||     5
  Use: Potion            |       |       |     2 |     5 |     8 ||    15
       Scroll            |       |       |       |     1 |     2 ||     3
Armor: Animal skin       |       |     2 |       |       |       ||     2
       Scale mail        |       |     4 |     8 |       |       ||    12
       Chain mail        |       |       |    39 |    91 |    30 ||   160
Dodge: Dodged            |       |    18 |    36 |    97 |    22 ||   173

Table legend: (Time is in decaauts)
 A = Elapsed time spent in this place.
 B = Non-inter-level travel time spent in this place.
 C = Inter-level travel time spent in this place.
 D = Time resting spent in this place.
 E = Time spent auto-exploring this place.
 F = Levels seen in this place.
 G = Mean time per level.
                   A        B        C        D        E       F      G
               +--------+--------+--------+--------+--------+-----+--------+
         Total |   4452 |   4452 |      0 |   3207 |    187 |   1 | 4452.0 |
       Dungeon |   4452 |   4452 |      0 |   3207 |    187 |   1 | 4452.0 |
               +--------+--------+--------+--------+--------+-----+--------+

Top non-repeatable levels by time:
       D: 4452 daAuts
